 Dungeon Crawl Stone Soup version 0.20.1-1-g8b1a95d (webtiles) character file.

44 karf the Skirmisher (level 3, 0/30 HPs)
             Began as a Formicid Monk on Oct 28, 2017.
             Slain by an adder (3 damage)
             ... on level 1 of the Dungeon.
             The game lasted 00:04:20 (1296 turns).

karf the Skirmisher (Formicid Monk)                 Turns: 1296, Time: 00:04:21

Health: 0/30       AC:  2    Str: 15    XL:     3   Next: 87%
Magic:  3/3        EV: 13    Int:  9    God:
Gold:   84         SH:  0    Dex: 14    Spells: 2/2 levels left

rFire    . . .     SeeInvis +   a - +0 falchion
rCold    . . .     Gourm    .   (no shield)
rNeg     . . .     Faith    .   b - +0 robe
rPois    .         Spirit   .   (helmet unavailable)
rElec    .         Reflect  .   (no cloak)
rCorr    .         Harm     .   (no gloves)
MR       .....                  (no boots)
Stlth    ++........             (no amulet)
Regen    0.1/turn               (no ring)
MPRegen  0.1/turn               (no ring)

@: lethally poisoned (0 -> -5)
A: permanent stasis, dig shafts and tunnels, four strong arms, antennae 3
a: Dig, Shaft Self


You were on level 1 of the Dungeon.
You were hungry.

You visited 1 branch of the dungeon, and saw 2 of its levels.

You collected 84 gold pieces.

Inventory:

Hand Weapons
 a - a +0 falchion (weapon)
Armour
 b - a +0 robe (worn)
Jewellery
 i - an uncursed ring of protection from cold {unknown}
Scrolls
 d - a scroll of identify
 e - a scroll of enchant armour
 h - a scroll of noise {unknown}
 j - a scroll of teleportation {unknown}
Potions
 f - 2 potions of agility
Comestibles
 c - 2 bread rations
 k - a meat ration


   Skills:
 + Level 3.8 Fighting
 + Level 3.7 Long Blades
 + Level 1.6 Armour
 - Level 2.6 Dodging
 - Level 2.4 Stealth


You had 2 spell levels left.
You didn't know any spells.

Dungeon Overview and Level Annotations

Branches:
Dungeon (2/15)

Altars:


Innate Abilities, Weirdness & Mutations

You cannot be hasted, slowed, berserked, paralysed or teleported.
You can dig through walls and to a lower floor.
Your four strong arms can wield two-handed weapons with a shield.
You have a pair of large antennae on your head. (SInv)


Message History

The adder closely misses you. The giant cockroach closely misses you.
The adder closely misses you.
You riposte.
You barely miss the adder.
The adder is lightly wounded.
The giant cockroach closely misses you.
You hit the giant cockroach but do no damage.
The giant cockroach is almost dead.
* * * LOW HITPOINT WARNING * * *
You feel sick. The adder barely misses you.
You riposte.
You are feeling hungry.
You hit the adder.
The adder is moderately wounded.
The giant cockroach barely misses you.
You riposte.
You barely miss the giant cockroach.
The giant cockroach is almost dead.
You hit the giant cockroach.
You kill the giant cockroach!
* * * LOW HITPOINT WARNING * * *
You feel sick. The adder barely misses you. The adder bites you.
You die...

#..........## #...........####..
#..........# #........#..## ##.
#..........# #........##..#####
#..........# #....>............
#..........# #........######...
###.####..## ###........# ##..
..........# #....###..## ##.
..........####.#######.#########.
.........)......@S...........)).(
.........)##..########.##########
#########.#..## #..........# #
#...## #..........# ####..######
#..........# ##..........##
#......)...#
##............###..........#
#..............##..........#
#..............#####...#.####


You could see an adder.

Vanquished Creatures
  An ooze (D:1)
  2 dart slugs (D:1)
  A giant cockroach (D:1)
  6 goblins (D:1)
  8 hobgoblins (D:1)
  4 jackals (D:1)
  2 kobolds (D:1)
  4 bats (D:1)
  2 frilled lizards (D:1)
  2 rats
32 creatures vanquished.

Notes
Turn   | Place    | Note
-------+----------+-------------------------------------------
     0 | D:1      | karf the Formicid Monk began the quest for the Orb.
     0 | D:1      | Reached XP level 1. HP: 18/18 MP: 1/1
    69 | D:1      | Reached XP level 2. HP: 12/24 MP: 2/2
   544 | D:1      | Reached XP level 3. HP: 27/30 MP: 3/3
   559 | D:1      | Reached skill level 1 in Armour
  1296 | D:1      | Slain by an adder

Skill      XL: |  1  2  3 |
---------------+----------+-----
Armour         | 1 |  1.6
Fighting       | |  3.8
Long Blades    | |  3.7
Dodging        | |  2.6
Stealth        | |  2.4

Action                   || total
-------------------------++-------
Melee: Falchion          ||   120
  Use: Scroll            ||     1
       Potion            ||     1
 Stab: Sleeping          ||     3
  Eat: Chunk             ||     1
Armor: Robe              ||    24
Dodge: Dodged            ||   113
       Rpst.: Falchion   ||    39
